[Event "Early-Titled-Tuesday-Blitz-March-12-2024"]
[Site "Chess.com"]
[Date "2024.03.12"]
[Round "6"]
[White "cthulhuuu"]
[Black "imdvb6307"]
[Result "1-0"]
[WhiteElo "2398"]
[BlackElo "2480"]
[TimeControl "180+1"]
[EndTime "9:06:19 PDT"]
[Termination "cthulhuuu won by resignation"]

1. e4 Nc6 2. Nf3 d6 3. d4 Nf6 4.
Nc3 Bg4 5. Be3 e6 6. h3 Bxf3 7. Qxf3 d5 8. O-O-O Bb4 9. exd5 Nxd5 10. Nxd5 Qxd5 11.
Qxd5 exd5 12. Bf4 O-O-O 13. c3 Bd6 14. Bxd6 Rxd6 15. Bd3 Re8 16. Rde1 Kd8 17. Rxe8+ Kxe8 18. Re1+ Kf8 19. f4 h5 20. h4 Ne7 21. g3 Ng8 22. Re5 Nf6 23. Kd2 c6 24. b4 g6 25. a4 Rd8 26. b5 Nd7 27. Rg5 Re8 28. f5 Nf6 29.
fxg6 fxg6 30. Rxg6 Kf7 31. Rg5 Rg8 32. Rxg8 Kxg8 33.
bxc6 bxc6 34. Ke3 Kg7 35. Kf4 Nd7 36. a5 Kf6 37. Be2 Kg6 38. Bd1 Nf6 39. Bc2+ Kf7 40.
Kg5 Ke6 41. Bf5+ Ke7 42. Bg6 Ke6 43. Bf5+ Ke7 44. Kf4 Kd6 45. Bg6 Ke6 46. Bf5+ Kd6 47. g4 hxg4 48. Bxg4 c5 49. h5 cxd4 50. cxd4 Ng8 51. Kg5 Ke7 52. h6 Kf7 53. h7 Kg7 54.
hxg8=Q+ Kxg8 55. Be6+ Kf8 56. Bxd5 Ke7 57. Be4 Kd6 58.
Kf6 Kd7 59. Ke5 1-0

[Event "Early-Titled-Tuesday-Blitz-March-12-2024"]
[Site "Chess.com"]
[Date "2024.03.12"]
[Round "6"]
[White "chess_blitz00"]
[Black "GAO"]
[Result "1-0"]
[WhiteElo "2459"]
[BlackElo "2312"]
[TimeControl "180+1"]
[EndTime "9:06:20 PDT"]
[Termination "chess_blitz00 won by resignation"]

1. d4 Nf6 2. b3 g6 3. Bb2 Bg7 4. Nd2 O-O 5. e4 d6 6. Ngf3 c6 7. Bd3 Nbd7 8. Qe2 Qc7 9. O-O-O e5 10. h3 a5 11. Kb1 a4 12. Nc4 b5 13. Nxd6 Qxd6 14. dxe5 Qb4 15. exf6 Bxf6 16. e5 Bg7 17. Rhe1 axb3 18. axb3 Qa5 19. Qd2 Qa2+ 20. Kc1 Re8 21. Qf4 Nf8 22. Ng5 Ra7 23. h4 h6 24. Ne4 Ne6 25.
Nf6+ Kh8 26. Qd2 Nc5 27. Qe3 Be6 28. Qxc5 h5 29. Qxc6 Bh6+ 30. Re3 Rd8 31. Qxb5 Rc8 32. Qb4 Bxb3 33. Kd2 Be6 34. Bd4 Rac7 35. Rc1 Bb3 36. Qxb3 Qxb3 37. cxb3 Rxc1 38. Bc4 Rg1 39. Bxf7 Bxe3+ 40. Kxe3 Rxg2 41. e6 Kg7 42. Kf3 Rg1 43. Nxh5+ Kf8 44.
Nf4 Ke7 45. Nxg6+ Kd6 46. Be5+ Kd5 47. Bg3 Rgc1 48. Nf4+ Ke5 49. Nd3+ Kf6 50. Nxc1 Rxc1 51. h5 Rc3+ 52. Kg2 Rxb3 53. Bh4+ Kg7 54. h6+ Kf8 55. h7 Kg7 56. Bg8 Rb8 57. Bf6+ Kxf6 58. h8=Q+ Ke7 59. Qg7+ Kd6 1-0

[Event "Early-Titled-Tuesday-Blitz-March-12-2024"]
[Site "Chess.com"]
[Date "2024.03.12"]
[Round "6"]
[White "BilicVladimir"]
[Black "stollenmonster"]
[Result "1-0"]
[WhiteElo "2675"]
[BlackElo "2852"]
[TimeControl "180+1"]
[EndTime "9:06:21 PDT"]
[Termination "BilicVladimir won by checkmate"]

1. e4 c5 2. Nf3 Nf6 3. e5 Nd5 4.
c4 Nc7 5. d4 cxd4 6. Nxd4 Nc6 7. Nxc6 bxc6 8. Nc3 g6 9. f4 Bg7 10. Be3 O-O 11. Qd2 d6 12. exd6 exd6 13. Be2 Re8 14. Bd4 Bh6 15. O-O d5 16. cxd5 Nxd5 17. Nxd5 cxd5 18.
Bf3 Bf5 19. Rfe1 Be4 20. Bxe4 dxe4 21. Rad1 a5 22. Qe3 Qh4 23. g3 Qg4 24. Bc3 Bg7 25. Bxg7 Kxg7 26. Rd4 Rac8 27. Rxe4 Red8 28. Qe2 Qf5 29.
b3 h5 30. Re5 Qf6 31. Qe3 Rc2 32. Re2 Rd1+ 33. Kf2 Rcc1 34. Kg2 h4 35. Rg5 hxg3 36.
hxg3 Qc6+ 37. Qe4 Rg1+ 38. Kh2 Rh1+ 39. Kg2 Rcg1+ 40. Kf2 Qb6+ 41. Qe3 Rf1+ 42. Kg2 Rhg1+ 43. Kh2 Rh1+ 44. Kg2 Qc6+ 45. Qe4 Rfg1+ 46. Kf2 Qc1 47. Rxg6+ fxg6 48. Qe7+ Kg8 49. Qd8+ Kg7 50. Re7+ Kf6 51. Qf8# 1-0

[Event "Early-Titled-Tuesday-Blitz-March-12-2024"]
[Site "Chess.com"]
[Date "2024.03.12"]
[Round "6"]
[White "littlepinkyboy"]
[Black "theoneandonlydaaevik"]
[Result "0-1"]
[WhiteElo "2628"]
[BlackElo "2521"]
[TimeControl "180+1"]
[EndTime "9:06:21 PDT"]
[Termination "theoneandonlydaaevik won on time"]

1. e4 c6 2. d4 d5 3. e5 Bf5 4. g4 Be4 5. f3 Bg6 6. e6 fxe6 7. h4 h5 8. Bd3 Bxd3 9. Qxd3 Qd6 10. Qg6+ Kd8 11. g5 e5 12. Qf5 e6 13. Qxe5 Qxe5+ 14.
dxe5 Nd7 15. f4 Ne7 16. Ne2 Nf5 17. Nd2 Ne3 18. Nd4 Ng2+ 19. Kd1 Nxf4 20. N2f3 Ng6 21. Nxe6+ Ke7 22. Ned4 Nc5 23. Re1 Ne4 24. c4 Rd8 25.
cxd5 cxd5 26. Bd2 Ke8 27. e6 Nxd2 28. Nxd2 Bb4 29. a3 Bc5 30. Nf5 Ne7 31. Ng3 Bf2 32. Ne2 Bxe1 33. Kxe1 d4 34. Nf4 g6 35.
Ne4 Kf8 36. Kd2 Kg7 37. Rf1 Rhf8 0-1

[Event "Early-Titled-Tuesday-Blitz-March-12-2024"]
[Site "Chess.com"]
[Date "2024.03.12"]
[Round "6"]
[White "BestStelker"]
[Black "LiadCuba"]
[Result "1-0"]
[WhiteElo "2719"]
[BlackElo "2518"]
[TimeControl "180+1"]
[EndTime "9:06:23 PDT"]
[Termination "BestStelker won on time"]

1. Nf3 Nf6 2. c4 e6 3. d4 d5 4. Nc3 c5 5. cxd5 Nxd5 6. e4 Nxc3 7. bxc3 cxd4 8. cxd4 Bb4+ 9. Bd2 Bxd2+ 10. Qxd2 O-O 11.
Bc4 Nd7 12. O-O b6 13. Rfe1 Bb7 14. Rad1 Rc8 15. Bb3 Re8 16. h3 Qf6 17. d5 exd5 18.
Ba4 Red8 19. e5 Qe7 20. Bc2 Nc5 21. Bf5 Ne4 22. Qf4 Rc4 23. Nd4 Nc5 24. Qg3 Ne6 25. Bxe6 fxe6 26. Qg4 Bc8 27. Re3 Rf8 28. Rg3 Rf7 29. h4 Qc7 30. Qg5 Qe7 31. Qg4 Ra4 32. Nf5 Qe8 33. Nh6+ Kf8 34. Qg5 gxh6 35. Qxh6+ Ke7 36.
Rc1 Kd7 37. Rgc3 Rc4 38. Rxc4 dxc4 39. Rxc4 Bb7 40. Qc1 Qd8 41. h5 Bd5 42. Rc3 Ke8 43.
Qh6 Kd7 44. Qc1 Rg7 45. h6 Rg6 46. f3 b5 47. Qf4 Qb6+ 48. Kh2 Ke7 49. Rc8 1-0

[Event "Early-Titled-Tuesday-Blitz-March-12-2024"]
[Site "Chess.com"]
[Date "2024.03.12"]
[Round "6"]
[White "Goryachkina"]
[Black "Shuvalov"]
[Result "1-0"]
[WhiteElo "2682"]
[BlackElo "2522"]
[TimeControl "180+1"]
[EndTime "9:06:24 PDT"]
[Termination "Goryachkina won by resignation"]

1. d4 Nf6 2. c4 g6 3. Nc3 d5 4.
Nf3 Bg7 5. e3 O-O 6. cxd5 Nxd5 7. Bc4 Nxc3 8. bxc3 c5 9. O-O Nc6 10. Ba3 b6 11. Qe2 Qc7 12. Rfd1 Bb7 13. Rac1 Rfd8 14. h4 Na5 15. Bd3 Rac8 16. h5 Qd7 17. hxg6 hxg6 18.
Ng5 Qd5 19. f4 Qd7 20. dxc5 Qa4 21. Bb4 bxc5 22. Bb5 Ba6 23. Bxa6 cxb4 24. Bxc8 Rxc8 25. cxb4 Rxc1 26. Rxc1 Qxb4 27. Qd3 Bf6 28. Ne4 Kg7 29. Nxf6 exf6 30. Qd4 Qa3 31. Rc2 Nb7 32. Rc6 Qe7 33. Qxa7 Qd7 34. Rc1 Qd2 35. Rf1 Nd6 36. Qd4 Qxd4 37.
exd4 f5 38. a4 Nc4 39. Rc1 Na5 40. Rc5 Nb3 41. Rd5 Kf6 42. a5 Ke6 43. Rb5 Nxd4 44. Rb6+ Kd7 45. a6 Kc7 46. Rb7+ Kc8 47. Rxf7 Nb5 48.
Rf6 Kc7 49. Rxg6 Nd4 50. g3 Kb8 51. Rf6 Ka7 52. Kf2 Nb3 53. Rxf5 1-0

[Event "Early-Titled-Tuesday-Blitz-March-12-2024"]
[Site "Chess.com"]
[Date "2024.03.12"]
[Round "6"]
[White "karinachess1"]
[Black "kassablanca"]
[Result "0-1"]
[WhiteElo "2601"]
[BlackElo "2778"]
[TimeControl "180+1"]
[EndTime "9:06:25 PDT"]
[Termination "kassablanca won on time"]

1. d4 d5 2. c4 e6 3. Nc3 a6 4. cxd5 exd5 5. Bf4 Nf6 6. e3 Bd6 7. Bg5 c6 8. Bd3 O-O 9. Nf3 Be6 10. O-O Nbd7 11. Qc2 Qb8 12. Bh4 Re8 13. Rab1 h6 14. b4 Bg4 15. Bg3 Bxg3 16. hxg3 Qd6 17. a4 Rac8 18.
Rfe1 Rc7 19. Nd2 Nf8 20. Nf1 Bd7 21. f3 Ne6 22. Qf2 Rec8 23. g4 a5 24. bxa5 Ra8 25. a6 bxa6 26. Ng3 c5 27. Nf5 Qf8 28. dxc5 Nxc5 29.
Qd2 Nxd3 30. Qxd3 Bxf5 31. gxf5 Rc5 32. Ne2 Qe8 33. Rb4 Rac8 34. Nf4 Rc3 35. Qd4 R3c4 36. Qd2 Rxb4 37. Qxb4 Rc4 38. Qd2 Qc6 39. Rd1 Qc5 40.
Kh2 Rxa4 41. Nxd5 Nxd5 42. Qxd5 Qxe3 43. Qd8+ Kh7 44. Qd3 Qxd3 45. Rxd3 h5 46. g3 f6 47.
Kh3 Kh6 48. Rd7 Ra3 49. Kg2 Ra2+ 50. Kg1 a5 51. Ra7 a4 52. Kf1 a3 53. Kg1 Kg5 54. Rxg7+ Kxf5 55. Ra7 Ke5 56. Ra5+ Kd4 57. Kf1 Ke3 0-1

[Event "Early-Titled-Tuesday-Blitz-March-12-2024"]
[Site "Chess.com"]
[Date "2024.03.12"]
[Round "6"]
[White "Vladimir_Zakhartsov"]
[Black "manitodeplomo"]
[Result "1-0"]
[WhiteElo "2859"]
[BlackElo "2727"]
[TimeControl "180+1"]
[EndTime "9:06:26 PDT"]
[Termination "Vladimir_Zakhartsov won by resignation"]

1. d4 Nf6 2. c4 e6 3. Nf3 b6 4. a3 Bb7 5. Nc3 d5 6. cxd5 Nxd5 7. Qc2 Nd7 8. e4 Nxc3 9. bxc3 c5 10. Bf4 cxd4 11.
cxd4 Rc8 12. Qb3 Bxe4 13. Ba6 Bd5 14. Qa4 Rc3 15. Ne5 f6 16. Bd2 Rc7 17. Nd3 Bd6 18. Nf4 O-O 19. Nxd5 exd5 20. O-O Nb8 21. Be2 Qd7 22. Qb3 Qf7 23. Bf3 Rc4 24. Be3 Rfc8 25. a4 Nc6 26. Qb5 Ne7 27. a5 Bc7 28. a6 Qe6 29. h3 Qc6 30. Qb1 b5 31. Be2 Bb6 32. Bxc4 dxc4 33. d5 Nxd5 34. Bxb6 Nxb6 35. Ra5 c3 36. Qxb5 Qxb5 37. Rxb5 Kf7 38. Rc1 Ke6 39. Kf1 Rc6 40. Ke2 Nd5 41. Ra1 c2 42. Kd2 Nf4 43.
g3 Nxh3 44. f4 f5 45. Rb2 Nf2 46. Rxc2 Ne4+ 47. Kc1 Rxc2+ 48. Kxc2 Nxg3 49. Rb1 Nh5 50. Rb7 Nxf4 51. Rxa7 Nd5 52. Kb3 Kd6 53. Rxg7 Nc7 54. a7 1-0

[Event "Early-Titled-Tuesday-Blitz-March-12-2024"]
[Site "Chess.com"]
[Date "2024.03.12"]
[Round "6"]
[White "jk13"]
[Black "temus_galaktionov"]
[Result "1-0"]
[WhiteElo "2683"]
[BlackElo "2862"]
[TimeControl "180+1"]
[EndTime "9:06:26 PDT"]
[Termination "jk13 won by resignation"]

1. e4 c6 2. Nc3 g6 3. Nf3 Bg7 4. d4 d6 5. h3 Nd7 6. Be3 e5 7.
dxe5 dxe5 8. Bc4 Ngf6 9. O-O Qe7 10. a4 Nc5 11. Nd2 O-O 12. Qe2 Rd8 13. a5 Nh5 14.
Nb3 Ne6 15. g3 Nd4 16. Bxd4 exd4 17. Nb1 Bxh3 18. Re1 b5 19. axb6 axb6 20. Rxa8 Rxa8 21. e5 Rd8 22. N1d2 b5 23. Bd3 Be6 24. Nf3 Qb4 25. Ng5 Bd5 26. e6 fxe6 27. Nxh7 Qe7 28. Bxg6 Nf6 29. Ng5 Bc4 30. Qf3 d3 31. Bf7+ Kf8 32.
Bxe6 dxc2 33. Nh7+ Ke8 34. Qxc6+ Nd7 35. Bxd7+ Rxd7 36.
Rxe7+ Kxe7 37. Qe4+ Kd8 38. Qxc2 Re7 39. Nd2 Re1+ 40.
Kg2 Bd5+ 41. Nf3 Re7 42. Qc5 Bc4 43. Nhg5 Bxb2 44. Qb6+ Kd7 45. Qb7+ Kd6 46. Qb6+ Kd7 47. Ne4 Ba3 48. Nc5+ Bxc5 49. Qxc5 Re6 50. Ne5+ Kd8 51. Nxc4 bxc4 52. Qd5+ Ke7 53. Qxc4 Rd6 54. f4 Kf6 55. Kf3 Re6 56. g4 Ke7 57. g5 Rd6 58.
Kg4 Re6 59. f5 Rd6 60. f6+ Kd7 61. Kf5 Rd2 62. Qb5+ Kc8 63. Qc6+ Kd8 64. Kg6 1-0

[Event "Early-Titled-Tuesday-Blitz-March-12-2024"]
[Site "Chess.com"]
[Date "2024.03.12"]
[Round "6"]
[White "Ural_bogatyr"]
[Black "KetiTsatsalashvili"]
[Result "1-0"]
[WhiteElo "2613"]
[BlackElo "2427"]
[TimeControl "180+1"]
[EndTime "9:06:26 PDT"]
[Termination "Ural_bogatyr won by resignation"]

1. d4 Nf6 2. Nc3 d5 3. Bf4 a6 4. e3 g6 5. Nf3 Bg7 6. Ne5 O-O 7.
Be2 Nbd7 8. h4 h6 9. g4 Nxe5 10. Bxe5 Ne4 11. Bxg7 Kxg7 12. Nxe4 dxe4 13. Qd2 c5 14. O-O-O Qc7 15. Qc3 Kh7 16. dxc5 Be6 17. h5 g5 18. Bc4 Bxg4 19. Rd5 Bf3 20. Rg1 e6 21. Rd2 Qxc5 22. Bxe6 Qxc3 23. Bf5+ Kg7 24.
bxc3 Rfd8 25. Rd4 Rxd4 26. cxd4 Kf6 27. Bg4 Bxg4 28. Rxg4 b5 29. Rxe4 Kf5 30. f3 Ra7 31.
Re5+ Kf6 32. Rc5 Re7 33. Kd2 Re6 34. e4 Rb6 35. Ke3 Ke6 36. Rf5 f6 37. Rc5 a5 38.
Kd3 Rb7 39. Rc6+ Ke7 40. d5 a4 41. Re6+ Kf7 42. Ra6 Ke7 43. c3 Kf7 44. a3 Ke7 45. Kd4 Kf7 46. Ra8 Rc7 47. Rb8 Rc4+ 48. Kd3 Rc5 49. Rb7+ Ke8 50. Rh7 b4 51. axb4 Rb5 52.
Ra7 f5 53. Rxa4 g4 54. c4 Rb7 55. exf5 g3 56. b5 Rf7 57. Ra8+ Ke7 58. Ke4 Kf6 59. Rg8 Re7+ 60. Kf4 Rc7 61. Rg6+ Kf7 62.
Kxg3 Rxc4 63. b6 Rb4 64. Rxh6 1-0

[Event "Early-Titled-Tuesday-Blitz-March-12-2024"]
[Site "Chess.com"]
[Date "2024.03.12"]
[Round "6"]
[White "Polish_fighter3000"]
[Black "FaustinoOro"]
[Result "1-0"]
[WhiteElo "3121"]
[BlackElo "2905"]
[TimeControl "180+1"]
[EndTime "9:06:28 PDT"]
[Termination "Polish_fighter3000 won by resignation"]

1. e4 e5 2. Nf3 Nc6 3. Nc3 Nf6 4.
Bb5 Bb4 5. Bxc6 bxc6 6. Nxe5 Qe7 7.
Nd3 Bxc3 8. dxc3 Qxe4+ 9. Qe2 Qxe2+ 10. Kxe2 d6 11. f3 Bf5 12. Bg5 Ng8 13. Rhe1 f6 14. Be3 Kd7 15. c4 c5 16. Rad1 Kc6 17. Kd2 Re8 18.
Bxc5 Rxe1 19. Rxe1 dxc5 20. Re8 g5 21. Kc3 Bg6 22.
Rd8 h5 23. a4 Bf7 24. b4 cxb4+ 25. Nxb4+ Kb7 26. a5 a6 27. c5 Rh7 28. c6+ Ka7 29. Rd7 Bg6 30. Nd5 Bf5 31. Nb6 h4 32. Kd4 h3 33. g4 Be6 34. c4 Bxd7 35. cxd7 Rxd7+ 36. Nxd7 Kb7 37. Kd5 Ne7+ 38. Ke6 Nc6 39. Nc5+ Ka7 40. Kxf6 Nd4 41. Kxg5 Nxf3+ 42. Kf4 Nxh2 43. g5 Ng4 44. Ne4 h2 45. Ng3 Nf2 46. g6 Nd3+ 47. Kf5 Nc1 48.
g7 Ne2 49. Nh1 Nd4+ 50. Kf6 Nc6 51. g8=Q Nxa5 52. Qg3 1-0

[Event "Early-Titled-Tuesday-Blitz-March-12-2024"]
[Site "Chess.com"]
[Date "2024.03.12"]
[Round "6"]
[White "IsaqueGoncalvesSanto"]
[Black "crazy_m_attack"]
[Result "0-1"]
[WhiteElo "1818"]
[BlackElo "2464"]
[TimeControl "180+1"]
[EndTime "9:06:28 PDT"]
[Termination "crazy_m_attack won on time"]

1. d4 d5 2. c4 e6 3. Nc3 Nf6 4.
Bg5 Be7 5. e3 h6 6. Bh4 O-O 7.
cxd5 exd5 8. Bd3 c6 9. Qc2 Nbd7 10. Nf3 Re8 11. O-O Nf8 12. Rab1 g6 13. Ne5 N6d7 14.
Bg3 Nxe5 15. Bxe5 Bf6 16. Bf4 Bg7 17. h3 Ne6 18. Bh2 Nf8 19. b4 a6 20. a4 Qg5 21.
Bf4 Qe7 22. b5 axb5 23. axb5 Ra3 24. bxc6 bxc6 25. Rb6 Bd7 26. Rb7 Ne6 27. Bg3 Nc5 28.
Nxd5 cxd5 29. dxc5 Rc3 30. Bd6 Qg5 31. f4 Qg3 32. Qf2 Qxf2+ 33. Kxf2 Bc8 34. Ba6 Bxb7 35. Bxb7 Bf8 36. Bxf8 Kxf8 37. c6 Ke7 38. Rd1 Kd6 39.
Rxd5+ Kxd5 40. c7+ Kd6 41. c8=N+ Rcxc8 42. Bxc8 Rxc8 43. Kg3 Kd5 44. Kh2 Ke4 45. f5 Kxe3 46. fxg6 fxg6 47.
h4 Kf4 48. h5 gxh5 49. Kh3 Kg5 0-1

[Event "Early-Titled-Tuesday-Blitz-March-12-2024"]
[Site "Chess.com"]
[Date "2024.03.12"]
[Round "6"]
[White "Gabcur"]
[Black "KnightmareJoker"]
[Result "0-1"]
[WhiteElo "2302"]
[BlackElo "2215"]
[TimeControl "180+1"]
[EndTime "9:06:28 PDT"]
[Termination "KnightmareJoker won on time"]

1. d4 d5 2. Nc3 e6 3. Bf4 Nf6 4. e3 c6 5. Nf3 Bd6 6. Bd3 Qc7 7.
Ne2 Nbd7 8. O-O O-O 9. c4 dxc4 10. Bxc4 Nb6 11. Bb3 Bxf4 12. Nxf4 Nbd5 13. Nd3 Nd7 14. Qd2 f5 15. Nfe5 N7f6 16. f3 Nd7 17. e4 Nxe5 18. Nxe5 fxe4 19. fxe4 Nf6 20. Rae1 c5 21.
Nf3 Kh8 22. Ng5 c4 23. Rc1 Bd7 24.
Bxc4 Qb6 25. Rfe1 h6 26. Nf3 Rac8 27. Ne5 Be8 28. Kh1 Rd8 29. Rcd1 Qd6 30. Qe3 g5 31. Bb3 Kg7 32. Rf1 Qe7 33. h3 Nh5 34. Rxf8 Qxf8 35. Ng4 Qf4 36. Qxf4 Nxf4 37. d5 e5 38. Ne3 Bg6 39. Bc2 Ne2 40. d6 Nd4 41. Ba4 b6 42.
Nd5 Bf7 43. Ne3 Ne2 44. d7 Nf4 45. Nf5+ Kf6 46. Rc1 Ne6 0-1

[Event "Early-Titled-Tuesday-Blitz-March-12-2024"]
[Site "Chess.com"]
[Date "2024.03.12"]
[Round "6"]
[White "ChessQueen"]
[Black "Sadykov_Ramil"]
[Result "1/2-1/2"]
[WhiteElo "2758"]
[BlackElo "2601"]
[TimeControl "180+1"]
[EndTime "9:06:29 PDT"]
[Termination "Game drawn by agreement"]

1. e4 e5 2. Bc4 Nf6 3. d4 exd4 4.
Nf3 Nxe4 5. O-O d5 6. Qxd4 Nf6 7. Bd3 Be7 8. Nc3 O-O 9. Bg5 Be6 10. Rad1 Nbd7 11.
Rfe1 Re8 12. Qh4 c6 13. Nd4 Nf8 14. Nxe6 fxe6 15. Qa4 Qb6 16. Be3 Qxb2 17. Bd4 Qb4 18. Qxb4 Bxb4 19. Rb1 c5 20. Be5 N8d7 21. a3 Nxe5 22.
axb4 Nxd3 23. cxd3 cxb4 24. Rxb4 b6 25. f4 Kf7 26.
Nb5 Re7 27. Nd6+ Kf8 28. Ra1 Ne8 29. Rxb6 Nxd6 30. Rxd6 a5 31. Ra4 Kf7 32. Rb6 g6 33. Rb5 Rea7 34. Kf2 Kf6 35. Ke3 Ra6 36. h3 h5 37. g4 hxg4 38. hxg4 g5 39. f5 exf5 40. gxf5 Kxf5 41. Rxd5+ Kg6 42. Kf3 Rf8+ 43. Kg4 Rf4+ 44. Rxf4 gxf4 45. Rb5 a4 46. Rb1 a3 47. Kxf4 Kf6 48.
Ke4 Ke6 49. Kd4 Ra4+ 50. Kc3 Kd5 51. Rb5+ Kc6 52. Rb1 a2 53. Ra1 Kd5 54. Kb3 Ra8 55. Kc3 Ra3+ 56. Kb4 Rxd3 57. Rxa2 Rd4+ 58. Kb5 Rg4 59.
Rd2+ Ke6 60. Re2+ 1/2-1/2

[Event "Early-Titled-Tuesday-Blitz-March-12-2024"]
[Site "Chess.com"]
[Date "2024.03.12"]
[Round "6"]
[White "AlexandraSamaganova"]
[Black "Carlos-Godoy"]
[Result "0-1"]
[WhiteElo "2362"]
[BlackElo "2066"]
[TimeControl "180+1"]
[EndTime "9:06:30 PDT"]
[Termination "Carlos-Godoy won by checkmate"]

1. c4 Nf6 2. Nc3 c5 3. Nf3 g6 4. e3 Bg7 5. d4 O-O 6. d5 d6 7. Be2 a6 8. O-O b5 9. cxb5 axb5 10. Bxb5 Ba6 11. Bxa6 Nxa6 12. e4 Nd7 13. Re1 Qa5 14.
Bd2 Rfb8 15. Rc1 Rxb2 16. Na4 Rxd2 17. Nxd2 Nb4 18. Nc3 Nd3 19. Ndb1 N7e5 20. Re3 Nxc1 21. Qxc1 Nc4 22. Rf3 Rb8 23. h4 Qb4 24. h5 Qb2 25. Qf4 Qxb1+ 26. Nxb1 Rxb1+ 27. Kh2 Be5 28. hxg6 hxg6 29.
Kg3 Bxf4+ 30. Kxf4 Rb2 31. Rc3 Ne5 32. Kg3 Rxa2 33. f4 Nd7 34. Rb3 Nf6 35. Kf3 Rc2 36. g4 c4 37. Ra3 c3 38. g5 Nh5 39. Ra8+ Kg7 40. Rc8 Rc1 41. Ke3 Re1+ 42. Kf3 Rf1+ 43. Ke3 Rxf4 44. Rxc3 Rg4 45. Kd4 Rxg5 46. Rf3 Re5 47. Rh3 Nf6 48. Rh4 Rxe4+ 49. Rxe4 Nxe4 50. Kxe4 Kf6 51. Kf3 Ke5 52. Kg4 Kxd5 53. Kg5 e5 54. Kh6 e4 55. Kg7 e3 56. Kxf7 e2 57. Kxg6 e1=Q 58. Kf7 Qe6+ 59. Kf8 Qg6 60. Ke7 Qg7+ 61. Kd8 Kc6 62. Kc8 Qc7# 0-1

[Event "Early-Titled-Tuesday-Blitz-March-12-2024"]
[Site "Chess.com"]
[Date "2024.03.12"]
[Round "6"]
[White "BilodeauA"]
[Black "Hikaru"]
[Result "0-1"]
[WhiteElo "2998"]
[BlackElo "3228"]
[TimeControl "180+1"]
[EndTime "9:06:32 PDT"]
[Termination "Hikaru won by resignation"]

1. e4 e6 2. d4 d5 3. Nd2 h6 4. Bd3 a6 5. Ngf3 Nf6 6. Qe2 c5 7. dxc5 Bxc5 8. O-O O-O 9. e5 Nfd7 10. Nb3 Bb6 11. Bf4 Nc6 12. c3 f6 13. exf6 Rxf6 14. Bg3 e5 15. Bc2 e4 16. Nfd4 Nxd4 17. Nxd4 Rf7 18. Rad1 Nc5 19. f3 exf3 20. gxf3 Bh3 21.
Rfe1 Ne6 22. Kh1 Nxd4 23. cxd4 Qf6 24. Bb3 Rd8 25. Rd3 Bf5 26. Re3 Bxd4 27. Re8+ Kh7 28. Rxd8 Qxd8 29. Rd1 Qf6 30. Bxd5 Re7 31. Qc4 Bxb2 32.
Bh4 g5 33. Bg3 Be5 34. Kg2 b5 35. Qb4 Bxg3 36. hxg3 Re2+ 37. Kf1 Re8 38. Kf2 Qb6+ 39. Qd4 Qxd4+ 40. Rxd4 Rd8 41. Ke3 Kg7 42. Bb7 Re8+ 43.
Kf2 Re6 44. Bc8 Rf6 45. Bxf5 Rxf5 46. Rd7+ Kg6 47. Ke3 Re5+ 48. Kd4 Re6 49. Kd5 Rf6 50. Ke4 h5 51. f4 gxf4 52. gxf4 Re6+ 53. Kf3 Rc6 54.
Rd5 Rc3+ 55. Ke4 Ra3 56. Rd6+ Kg7 57. f5 h4 58. Rd7+ Kf6 59. Rd6+ Kf7 60. Rh6 h3 61. Ke5 Kg7 62. Rg6+ Kh7 63. Rg4 Ra4 64. Rg1 Rh4 65. f6 h2 66. Rh1 Kg8 67. Ke6 Kf8 68. f7 Rh6+ 0-1

[Event "Early-Titled-Tuesday-Blitz-March-12-2024"]
[Site "Chess.com"]
[Date "2024.03.12"]
[Round "6"]
[White "Ati1517"]
[Black "FlemingA"]
[Result "0-1"]
[WhiteElo "2238"]
[BlackElo "2422"]
[TimeControl "180+1"]
[EndTime "9:06:34 PDT"]
[Termination "FlemingA won on time"]

1. e4 g6 2. d4 Bg7 3. Nf3 a6 4. c4 c5 5. Be3 d6 6. Nc3 Bg4 7. Be2 Bxf3 8. Bxf3 cxd4 9. Bxd4 Nf6 10. O-O Nc6 11.
Bxf6 Bxf6 12. Nd5 Bg7 13. Rb1 O-O 14. b4 e6 15. Ne3 Nd4 16. Qd3 Qh4 17. Nc2 Nxc2 18.
Qxc2 Rac8 19. Rfd1 d5 20. g3 Qf6 21. Bg2 Rxc4 22.
Qd3 Rc3 23. Qe2 dxe4 24. Qxe4 b5 25. Rbc1 h5 26. Rxc3 Qxc3 27. h4 Qa3 28. Qe3 Qxa2 29. Rd7 Qc4 30. Qc5 Rc8 31. Qe7 Rf8 32. Qc5 Qb3 33. Ra7 Qd1+ 34. Kh2 Bd4 35. Qc7 Bxa7 36. Qxa7 Qa4 37. Qc5 Qa3 38. Qb6 Qb2 39. Qxa6 Qxf2 40.
Qxb5 Qf5 41. Qc4 Rd8 42. b5 Rb8 43. Qc6 Qxb5 44. Qc7 Qb2 45. Qf4 Qg7 46. Qxb8+ Qf8 47. Qf4 Kg7 48. Qg5 f6 49. Qb5 e5 50. Qb7+ Kh6 51. Qe4 Qa3 52. Qe3+ Qxe3 0-1

[Event "Early-Titled-Tuesday-Blitz-March-12-2024"]
[Site "Chess.com"]
[Date "2024.03.12"]
[Round "6"]
[White "david_gomez"]
[Black "vovachesss"]
[Result "1-0"]
[WhiteElo "2631"]
[BlackElo "2782"]
[TimeControl "180+1"]
[EndTime "9:06:38 PDT"]
[Termination "david_gomez won on time"]

1. e4 e5 2. Nc3 Bc5 3. f4 d6 4. Nf3 Nc6 5. Na4 Nf6 6. Nxc5 dxc5 7. fxe5 Ng4 8. Bb5 Bd7 9. Bxc6 Bxc6 10. d3 Qe7 11. Bg5 Qe6 12. Bf4 f6 13. O-O fxe5 14. Ng5 Qd7 15. Bd2 Qd4+ 16. Kh1 Nf2+ 17. Rxf2 Qxf2 18. Qh5+ g6 19. Qg4 Bd7 20. Qg3 Qxg3 21.
hxg3 Ke7 22. Bc3 Rhf8 23. Nf3 Rxf3 24. gxf3 Ke6 25. Kg2 h5 26. a3 b6 27. b4 cxb4 28.
axb4 a6 29. Bb2 Bc8 30. Kf2 Bb7 31. Ke3 Rf8 32. c3 Rf7 33. d4 exd4+ 34. cxd4 Kd7 35.
d5 c6 36. dxc6+ Kxc6 37. Bd4 Kb5 38. f4 Re7 39. e5 Rc7 40. Re1 Rc6 41. f5 Bc8 42. f6 Be6 43. Rb1 Bf7 44. Kd2 Rc4 45.
Bc3 Rg4 46. Re1 Be6 47. Re3 Rc4 48. Rf3 Rc7 49. Rd3 a5 50. bxa5 bxa5 51. Rd6 Bc4 52. e6 Kc5 53. e7 Bf7 54. Rd8 Rc6 55. Rf8 Rd6+ 56. Kc1 Kc4 57. Rxf7 1-0

[Event "Early-Titled-Tuesday-Blitz-March-12-2024"]
[Site "Chess.com"]
[Date "2024.03.12"]
[Round "6"]
[White "sansanathalia"]
[Black "Bilan_Danila"]
[Result "0-1"]
[WhiteElo "2354"]
[BlackElo "2570"]
[TimeControl "180+1"]
[EndTime "9:06:38 PDT"]
[Termination "Bilan_Danila won on time"]

1. e4 c6 2. d4 d5 3. exd5 cxd5 4. c4 Nf6 5. Nc3 Nc6 6. Nf3 Bg4 7. Be2 e6 8. c5 Be7 9. O-O O-O 10. Be3 b6 11.
Qa4 Na5 12. b4 Nc4 13. Bxc4 dxc4 14. Ne5 Bf5 15. Rfd1 Nd5 16. Bd2 Bf6 17. Rac1 Bxe5 18. dxe5 Bd3 19. c6 a6 20. Qa3 b5 21. Be1 Nf4 22.
g3 Ng6 23. f4 Qb6+ 24. Bf2 Qxc6 25. Na4 Be4 26. Nc5 Bh1 27. Kf1 Bg2+ 28. Ke2 Bd5 29. Qe3 a5 30. bxa5 Rxa5 31. Rd2 Rfa8 32. h4 Rxa2 33. h5 Ne7 34. g4 b4 35. f5 c3 36.
Rxa2 Rxa2+ 37. Ke1 exf5 38. gxf5 Nxf5 39. Qg5 Qc8 40. e6 Bxe6 41. Rd1 Ra8 42. h6 Nxh6 43. Bd4 Nf5 44. Kf2 Nxd4 45. Rxd4 h6 46. Qe5 Qc6 47.
Rd6 Ra2+ 48. Ke3 Qc8 49. Nxe6 fxe6 50. Rxe6 Ra8 51. Re7 Qf8 52. Qe6+ Kh8 0-1

[Event "Early-Titled-Tuesday-Blitz-March-12-2024"]
[Site "Chess.com"]
[Date "2024.03.12"]
[Round "6"]
[White "Sattarov_Bobur"]
[Black "WilsonPalencia21"]
[Result "1-0"]
[WhiteElo "2799"]
[BlackElo "2568"]
[TimeControl "180+1"]
[EndTime "9:06:40 PDT"]
[Termination "Sattarov_Bobur won on time"]

1. e4 c5 2. Nf3 d6 3. d4 cxd4 4.
Nxd4 Nf6 5. f3 e5 6. Nb3 a5 7. a4 Be7 8. Bb5+ Nbd7 9. c4 O-O 10.
Nc3 Nb6 11. Be3 Be6 12. Nd5 Nbxd5 13. cxd5 Bc8 14. O-O Nh5 15. Qd2 h6 16. Rac1 Nf4 17.
Rc2 Ng6 18. Rfc1 f5 19. Bd3 f4 20. Bf2 Bd7 21. Rc4 Bh4 22. Na1 b5 23. axb5 Bxb5 24. R4c3 Bd7 25. Nc2 Rb8 26. Na3 Qg5 27. Rc7 Rf7 28. Bf1 Bxf2+ 29. Qxf2 Nh4 30. Nc4 Rb3 31. Kh1 Qf6 32. Nxa5 Rb8 33. Nc4 Rbf8 34. Nxd6 Qxd6 35. Qxh4 g5 36. Qf2 g4 37. Rb7 g3 38. Qc5 Qg6 39.
Qg1 gxh2 40. Qxh2 Be8 41. Rxf7 Rxf7 42. Rc8 Rb7 43. Qh3 Kh7 44. Rc2 Bd7 45. Qh4 Qg7 46.
Kh2 Rb6 47. Rc7 Rg6 48. Qf2 Rg5 49. Bb5 Bxb5 50. Rxg7+ Kxg7 51. Qc5 Be8 52. Qe7+ Bf7 53. d6 1-0